 Dungeon Crawl Stone Soup version 0.27.1-3-gb3d3a73c9e (webtiles) character file.

Game seed: 4498216220016386818

39 Eitelfritz the Slasher (level 3, 0/27 HPs)
             Began as a Demonspawn Gladiator on Oct 25, 2021.
             Slain by a quokka (2 damage)
             ... on level 2 of the Dungeon.
             The game lasted 00:01:13 (648 turns).

Eitelfritz the Slasher (Demonspawn Gladiator)        Turns: 648, Time: 00:01:14

Health: 0/27       AC:  4    Str: 15    XL:     3   Next: 26%
Magic:  3/3        EV: 12    Int:  9    God:
Gold:   42         SH:  0    Dex: 14    Spells: 2/2 levels left

rFire    . . .     SeeInvis .   a - +0 long sword
rCold    . . .     Faith    .   (no shield)
rNeg     . . .     Spirit   .   b - +0 leather armour
rPois    .         Reflect  .   c - +0 helmet
rElec    .         Harm     .   (no cloak)
rCorr    .         Rampage  .   (no gloves)
Will     .....                  (no boots)
Stlth    +.........             (no amulet)
HPRegen  0.09/turn              (no ring)
MPRegen  0.08/turn              (no ring)

@: no status effects
A: claws 1
a: no special abilities


You were on level 2 of the Dungeon.
You visited 1 branch of the dungeon, and saw 2 of its levels.

You collected 42 gold pieces.

Inventory:

Hand Weapons
 a - a +0 long sword (weapon)
Missiles
 d - 3 throwing nets (quivered)
Armour
 b - a +0 leather armour (worn)
 c - a +0 helmet (worn)
Jewellery
 h - a ring of protection from fire
Scrolls
 f - a scroll of fear {unknown}
 i - a scroll of noise {unknown}
Potions
 e - 2 potions of mutation {unknown}
 g - a potion of haste {unknown}
 j - a potion of might {unknown}
 k - a potion of heal wounds {unknown}


   Skills:
 + Level 2.2 Fighting
 + Level 3.2 Long Blades
 + Level 2.0 Throwing
 + Level 0.4 Armour
 + Level 3.1 Dodging
 + Level 0.3 Stealth


You had 2 spell levels left.
You didn't know any spells.
Your spell library contained the following spells:

 Spells                   Type           Power      Damage    Failure   Level
 Pain                     Necr           0%         1d4       45%         1
 Agony                    Necr           0%         N/A       100%        5
 Excruciating Wounds      Necr           0%         N/A       100%        5


Dungeon Overview and Level Annotations

Branches:
Dungeon (1/15)

Altars:

Shops:
D:1 [


Innate Abilities, Weirdness & Mutations

You have sharp fingernails.


Message History

The quokka bites you. Jessica closely misses you.
Jessica hits you with a +0 dagger.
You closely miss Jessica.
Jessica is lightly wounded.
Jessica hits you with a +0 dagger. The quokka barely misses you.
You riposte.
You closely miss the quokka. Jessica hits you with a +0 dagger.
* * * LOW HITPOINT WARNING * * *
You slash Jessica!
You kill Jessica!
The quokka barely misses you.
You riposte.
You hit the quokka.
The quokka is severely wounded.
The quokka closely misses you.
You riposte.
You barely miss the quokka.
The quokka is severely wounded.
Your Dodging skill increases to level 3!
You have reached level 3!
Your experience leads to an increase in your attributes!
Increase (S)trength, (I)ntelligence, or (D)exterity?
You feel stronger.
You miss the quokka.
The quokka is severely wounded.
The quokka bites you.
* * * LOW HITPOINT WARNING * * *
You barely miss the quokka.
The quokka is severely wounded.
The quokka bites you.
* * * LOW HITPOINT WARNING * * *
The quokka barely misses you.
You riposte.
You hit the quokka but do no damage.
The quokka is severely wounded.
You miss the quokka.
The quokka is severely wounded.
The quokka barely misses you.
You hit the quokka.
The quokka is almost dead.
The quokka closely misses you.
You hit the quokka but do no damage.
The quokka is almost dead.
The quokka bites you.
* * * LOW HITPOINT WARNING * * *
The quokka bites you.
You die...

.# #...#
.##...######
..........#
#.........## .
#######...........
..#...............#
..)...###....)....#
###.........@.....#
............r..(..#
##............#
#####........#
#.......##
..(.....#
##........#
......##.#
....!.....


You could see a quokka.

Vanquished Creatures
  Jessica (D:2)
  An endoplasm (D:1)
  2 goblins (D:1)
  2 hobgoblins (D:1)
  3 ball pythons
  3 bats (D:1)
  A kobold (D:1)
13 creatures vanquished.

Notes
Turn   | Place    | Note
-------+----------+-------------------------------------------
     0 | D:1      | Eitelfritz the Demonspawn Gladiator began the quest for the
                  | Orb.
     0 | D:1      | Reached XP level 1. HP: 16/16 MP: 1/1
   277 | D:1      | Gained mutation: You have sharp fingernails. [demonic
                  | ancestry]
   277 | D:1      | Reached XP level 2. HP: 21/22 MP: 2/2
   423 | D:1      | Found Quehur's Antique Armour Shop.
   632 | D:1      | You fall into a shaft and drop 1 floor!
   632 | D:2      | Noticed Jessica
   643 | D:2      | Killed Jessica
   644 | D:2      | Reached XP level 3. HP: 8/27 MP: 3/3
   648 | D:2      | Slain by a quokka

Illustrated notes

Levels and vault maps discovered:
D:1:      tarquinn_simple_flora_water_e, layout_loops_ring, serial_shops,
          nicolae_shop_waterfront, st_stairs_13, kennysheep_minor_cross,
          minmay_stone_trees_large, minmay_misc_feat_columns
D:2:      layout_rooms, uniq_robin, uniq_jessica

Skill      XL: |  1  2 |
---------------+-------+-----
Throwing       | 2 |  2.0
Long Blades    | 3 |  3.2
Dodging        | 3 |  3.1
Fighting       | |  2.2
Armour         | |  0.4
Stealth        | |  0.3

Action                   || total
-------------------------++-------
Melee: Long sword        ||    30
 Stab: Sleeping          ||     1
Armor: Leather armour    ||    12
Dodge: Dodged            ||    33
       Rpst.: Long sword ||    11
